 Dungeon Crawl Stone Soup version 0.29-a0-819-g94b489e0ae (webtiles) character file.

Game seed: 986500790212755257

827 zishaf the Sneak (level 7, -1/38 HPs)
             Began as a Vine Stalker Brigand on July 6, 2022.
             Slain by Duvessa
             ... wielding a +0 rapier
              (7 damage)
             ... on level 4 of the Dungeon.
             The game lasted 00:06:17 (2896 turns).

zishaf the Sneak (Vine Stalker Brigand)             Turns: 2896, Time: 00:06:18

Health: -1/38      AC: 10    Str: 13    XL:     7   Next: 97%
Magic:  0/8        EV: 16    Int: 11    God:
Gold:   157        SH:  0    Dex: 18    Spells: 6/6 levels left

rFire   . . .      SeeInvis .   g - +12 trident "Qyabu" {vorpal, rC+}
rCold   + . .      Faith    .   (no shield)
rNeg    . . .      Spirit   +   A - +0 ring mail
rPois   .          Reflect  .   q - +0 helmet
rElec   .          Harm     .   c - +0 cloak
rCorr   .          Rampage  .   r - +0 pair of gloves
Will    .....                   y - +0 pair of boots
Stlth   +++.......              (no amulet)
HPRegen 0.92/turn               h - +4 ring of evasion
MPRegen 0.11/turn               (no ring)

@: no status effects
A: fangs 2, regeneration 1, magic shield, antimagic bite, no potion heal 2
a: no special abilities


You were on level 4 of the Dungeon.
You visited 1 branch of the dungeon, and saw 4 of its levels.

You collected 157 gold pieces.

Inventory:

Hand Weapons
 a - a +4 dagger
 g - the +12 trident "Qyabu" (weapon) {vorpal, rC+}
   (You found it on level 4 of the Dungeon)

   It inflicts extra damage upon your enemies.
   rC:        It protects you from cold.
Missiles
 d - 17 poisoned darts (quivered)
 e - 3 curare-tipped darts
 p - 2 javelins
 t - 4 atropa-tipped darts
 u - 2 boomerangs
Armour
 b - a +0 robe
 c - a +0 cloak (worn)
 q - a +0 helmet (worn)
 r - a +0 pair of gloves (worn)
 y - a +0 pair of boots (worn)
 A - a +0 ring mail (worn)
Jewellery
 h - a +4 ring of evasion (left hand)
Wands
 w - a wand of charming (7)
Scrolls
 i - a scroll of enchant weapon
 l - 3 scrolls of immolation
 m - a scroll of silence {unknown}
 v - a scroll of identify
Potions
 f - 2 potions of brilliance
 j - 3 potions of mutation
 k - a potion of attraction {unknown}
 n - 2 potions of ambrosia
 o - a potion of lignification {unknown}
 s - a potion of might {unknown}
 x - a potion of degeneration {unknown}
 z - a potion of flight {unknown}


   Skills:
 + Level 4.8 Fighting
 - Level 3.3 Short Blades
 - Level 2.0 Throwing
 + Level 2.9 Armour
 + Level 3.2 Dodging
 - Level 6.0 Stealth


You had 6 spell levels left.
You didn't know any spells.
Your spell library was empty.

Dungeon Overview and Level Annotations

Branches:
Dungeon (4/15)
 Temple: D:4-7

Altars:
Nemelex Xobeh
Qazlal
Xom
Yredelemnul

Annotations:
D:4 Duvessa


Innate Abilities, Weirdness & Mutations

You have extremely sharp teeth.
Your natural rate of healing is unusually fast.
When hurt, damage is shared between your health and your magic reserves.
Your bite disrupts and absorbs the magic of your enemies.
Potions cannot restore your health.


Message History

No target in view!
No target in view!
There is an open door here.
There is an open door here.
A hobgoblin comes into view.
Found a pair of gloves.
You hit the hobgoblin.
You kill the hobgoblin!
No target in view!
You see here a +0 giant club.
You open the door.
Duvessa and Dowan come into view.
Duvessa shouts!
There is an open door here.
You puncture Dowan!
Dowan is severely wounded.
Duvessa misses you. Dowan hits you but does no damage.
Duvessa closely misses you. Dowan casts a spell at you.
The puff of flame misses you.
You puncture Dowan!
You kill Dowan!
Duvessa weeps, and shakes her weapon.
Duvessa goes berserk!
Duvessa closely misses you. Duvessa hits you with a +0 rapier!!
You hit Duvessa.
Duvessa is lightly wounded.
Duvessa hits you but does no damage.
You hit Duvessa. You bite Duvessa. You drain her power.
You feel invigorated.
Duvessa is moderately wounded.
Duvessa hits you with a +0 rapier! Duvessa misses you.
You hit Duvessa but do no damage. Your bite misses Duvessa.
Duvessa is moderately wounded.
Duvessa hits you with a +0 rapier! x2
* * * LOW HITPOINT WARNING * * *
You are too injured to fight recklessly!
You hit Duvessa but do no damage.
Duvessa is moderately wounded.
Duvessa hits you with a +0 rapier!
You die...

##.##.# ##.##.### ...##...#######
## ##.#..........# #.
##.#..........# #.
...#).........######## #.
#..#..........##.....# #.
##.)#.##########.###.# ##### #.
.#..#.# #....# #@# #.# #...# ##
##..#.# #....##)e..#.# #.#.####
#...#.# #....##....#.# #.#.....
..#.#.# #....##....#.# #.#####.
.##.#.# #....##...##.# #...# #.
.##.#.# #....##...##.# ###.# #.
.##.#.###....#######.#######.####
....#...[>.......................
#########....###..##.....###.....


You could see Duvessa (berserk).

Vanquished Creatures
  Sigmund (D:4)
  An ogre (D:4)
  Blork the orc (D:4)
  2 scorpions (D:4)
  Dowan (D:4)
  4 crimson imps (D:4)
  A scorpion zombie (D:3)
  Robin (D:2)
  5 gnolls
  3 adders
  2 adder zombies (D:3)
  3 worms
  3 dart slugs
  3 orcs (D:4)
  5 ball pythons
  9 endoplasms
  4 giant cockroaches
  13 goblins
  14 hobgoblins
  3 quokkas
  11 frilled lizards
  A giant cockroach zombie (D:3)
  6 kobolds
  7 rats
104 creatures vanquished.

Vanquished Creatures (others)
  6 plants (D:1)
6 creatures vanquished.

Grand Total: 110 creatures vanquished

Notes
Turn   | Place    | Note
-------+----------+-------------------------------------------
     0 | D:1      | zishaf the Vine Stalker Brigand began the quest for the
                  | Orb.
     0 | D:1      | Reached XP level 1. HP: 11/11 MP: 2/2
   166 | D:1      | Reached skill level 1 in Dodging
   166 | D:1      | Reached XP level 2. HP: 15/15 MP: 3/3
   172 | D:1      | Reached skill level 5 in Stealth
   547 | D:1      | Reached XP level 3. HP: 18/18 MP: 4/4
  1184 | D:2      | Gained mutation: Your natural rate of healing is unusually
                  | fast. [Vine Stalker growth]
  1184 | D:2      | Reached XP level 4. HP: 12/23 MP: 3/5
  1227 | D:2      | Noticed Robin
  1269 | D:2      | Killed Robin
  1318 | D:2      | Found a faded altar of an unknown god.
  1520 | D:2      | Found a basalt altar of Yredelemnul.
  1592 | D:3      | Reached skill level 6 in Stealth
  1592 | D:3      | Reached XP level 5. HP: 27/28 MP: 6/6
  1602 | D:3      | Found a basalt altar of Yredelemnul.
  2170 | D:4      | Found a stormy altar of Qazlal.
  2242 | D:4      | Identified the +12 trident "Qyabu" {vorpal, rC+}
  2251 | D:4      | Noticed Sigmund
  2311 | D:4      | Killed Sigmund
  2312 | D:4      | Reached skill level 1 in Armour
  2312 | D:4      | Reached XP level 6. HP: 33/33 MP: 7/7
  2365 | D:4      | Reached XP level 7. HP: 37/37 MP: 8/8
  2439 | D:4      | Found a shimmering altar of Xom.
  2726 | D:4      | Noticed Blork the orc
  2737 | D:4      | Killed Blork the orc
  2792 | D:4      | Found a sparkling altar of Nemelex Xobeh.
  2889 | D:4      | Noticed Duvessa
  2889 | D:4      | Noticed Dowan
  2892 | D:4      | Killed Dowan
  2896 | D:4      | Slain by Duvessa

Illustrated notes

Levels and vault maps discovered:
D:1:      scummos_arrival_checkerplants, layout_loops_ring, minmay_lizard_king
D:2:      layout_rooms, basic_altar, hellmonk_ecumenical_altar_blasted,
          minmay_misc_feat_x, uniq_robin
D:3:      cheibrodos_helix_gallery, layout_basic,
          nicolae_yredelemnul_corpse_copse
D:4:      layout_basic, led_xom_imps, nicolae_qazlal_scattered_showers,
          nemelex_dance_club_becter, kennysheep_generic_room_13, uniq_sigmund,
          uniq_duvessa, uniq_blork_the_orc

Skill      XL: |  1  2  3  4  5  6  7 |
---------------+----------------------+-----
Dodging        | 1 2 3 |  3.2
Stealth        | 5 6 |  6.0
Short Blades   | 2 3 |  3.3
Fighting       | 2 3 4 |  4.8
Throwing       | 2 |  2.0
Armour         | 1 2 |  2.9

Action                   |  1- 3 |  4- 6 |  7- 9 || total
-------------------------+-------+-------+-------++-------
Melee: Dagger            |    95 |   150 |       ||   245
       Bite              |    20 |    43 |     5 ||    68
       Punch             |     1 |     1 |       ||     2
       Trident           |       |    10 |    40 ||    50
  Use: Scroll            |       |     9 |       ||     9
 Stab: Sleeping          |     7 |    12 |     6 ||    25
       Distracted        |       |     1 |     1 ||     2
Armor: Robe              |    15 |    25 |     6 ||    46
       Ring mail         |       |       |     2 ||     2
Dodge: Dodged            |    50 |    71 |    13 ||   134

Table legend: (Time is in decaauts)
 A = Elapsed time spent in this place.
 B = Non-inter-level travel time spent in this place.
 C = Inter-level travel time spent in this place.
 D = Time resting spent in this place.
 E = Time spent auto-exploring this place.
 F = Levels seen in this place.
 G = Mean time per level.
                   A        B        C        D        E       F      G
               +--------+--------+--------+--------+--------+-----+--------+
         Total |   2879 |   2798 |     81 |    188 |   1840 |   4 |  719.8 |
       Dungeon |   2879 |   2798 |     81 |    188 |   1840 |   4 |  719.8 |
               +--------+--------+--------+--------+--------+-----+--------+

Top non-repeatable levels by time:
     D:1: 1039 daAuts
     D:4: 740 daAuts
     D:3: 582 daAuts
     D:2: 518 daAuts
